Workbook

Sheet ORC
G1: B.D.I: | H1: =BDI!C17 -> 0.24
C2: Empresa
C3: Reforma da Cobertura da Unidade Básica de Saúde do Bairro Pórtico | G3: Encargos sociais: | H3: Não desonerado
C5: Endereço: Rua Julieta Bastos Balzaretti, 225, Bairro Pórtico - Gramado/RS | G5: Área (m²) | H5: 381.1
C6: Planilha Orçamentária | G6: Total | H6: =SUM(H8:H85) -> 179752.51
A7: Item | B7: Código | C7: Descrição | D7: Und. | E7: Quant. | F7: Custo unitário | G7: Preço unitário | H7: Total
A8: 1 | C8: Serviços técnicos | E8: Total grupo = | G8: =SUM(H9:H10) -> 5053.8
A9: 1.1 | B9: CCU-1.1 | C9: Documento de responsabilidade técnica para execução da obra | D9: un | E9: 1 | F9: 285.59 | G9: =TRUNC(F9*(1+$H$1),2) -> 354.13 | H9: =TRUNC(E9*G9,2) -> 354.13
A10: 1.2 | B10: CCU-1.2 | C10: Projeto dos sistemas para trabalho em altura (linha de vida), entrega de certificados e demais documentações de segurança do trabalho necessárias para execução dos serviços | D10: un | E10: 1 | F10: 3790.0565 | G10: =TRUNC(F10*(1+$H$1),2) -> 4699.67 | H10: =TRUNC(E10*G10,2) -> 4699.67
A11: 2 | C11: Serviços preliminares | E11: Total grupo = | G11: =SUM(H12:H21) -> 12774.36
A12: 2.1 | B12: CCU-2.1 | C12: Mobilização | D12: un | E12: 1 | F12: 349.18 | G12: =TRUNC(F12*(1+$H$1),2) -> 432.98 | H12: =TRUNC(E12*G12,2) -> 432.98
A13: 2.2 | B13: CCU-2.2 | C13: Canteiro de obras - incluso instalações provisórias, intervenções, preparo de áreas externas, limpeza permanente e demais atividades | D13: un | E13: 1 | F13: 5643.43 | G13: =TRUNC(F13*(1+$H$1),2) -> 6997.85 | H13: =TRUNC(E13*G13,2) -> 6997.85
A14: 2.3 | B14: CCU-2.3 | C14: Isolamento de frentes de trabalhos com com tela plástica tipo tapume, altura de 1,20 m - 10 usos | D14: m | E14: 100 | F14: 4.81 | G14: =TRUNC(F14*(1+$H$1),2) -> 5.96 | H14: =TRUNC(E14*G14,2) -> 596
A15: 2.4 | B15: 103689 | C15: Placa de obra em chapa galvanizada adesivada ou equivalente - incluso estrutura de suporte | D15: m² | E15: 0.75 | F15: 463.76 | G15: =TRUNC(F15*(1+$H$1),2) -> 575.06 | H15: =TRUNC(E15*G15,2) -> 431.29
A16: 2.5 | B16: 99814 | C16: Lona ou telhamento provisório para proteção de áreas | D16: m² | E16: 275.87 | F16: 1.74 | G16: =TRUNC(F16*(1+$H$1),2) -> 2.15 | H16: =TRUNC(E16*G16,2) -> 593.12
A17: 2.6 | B17: 97113 | C17: Limpeza de superfície com jata de alta pressão | D17: m² | E17: 275.87 | F17: 2.77 | G17: =TRUNC(F17*(1+$H$1),2) -> 3.43 | H17: =TRUNC(E17*G17,2) -> 946.23
A18: 2.7 | B18: 97647 | C18: Remoção de telhas - de forma manual - medição por área de projeção | D18: m² | E18: 275.87 | F18: 4.04 | G18: =TRUNC(F18*(1+$H$1),2) -> 5 | H18: =TRUNC(E18*G18,2) -> 1379.35
A19: 2.8 | B19: CCU-2.8 | C19: Carga e descarga manual de material | D19: m³ | E19: 11.03 | F19: 29.21 | G19: =TRUNC(F19*(1+$H$1),2) -> 36.22 | H19: =TRUNC(E19*G19,2) -> 399.5
A20: 2.9 | B20: 100947 | C20: Transporte com caminhão carroceria em via urbana pavimentada - DMT até 30 km | D20: txkm | E20: 67.2 | F20: 2.48 | G20: =TRUNC(F20*(1+$H$1),2) -> 3.07 | H20: =TRUNC(E20*G20,2) -> 206.3
A21: 2.10 | B21: 97648 | C21: Remoção de manta termoacústica | D21: m² | E21: 275.87 | F21: 2.32 | G21: =TRUNC(F21*(1+$H$1),2) -> 2.87 | H21: =TRUNC(E21*G21,2) -> 791.74
A22: 3 | C22: Estruturas e fundações | E22: Total grupo = | G22: =SUM(H23:H29) -> 38020.36
A23: 3.1 | B23: 100390 | C23: Substituição de ripas em telhados - peça nova 2,0 x 5,0 cm - em maçaranduba, angelim ou equivalente - incluso remoção de todas as peças existentes e transporte vertical - medição por área de projeção | D23: m² | E23: 275.87 | F23: 25.71 | G23: =TRUNC(F23*(1+$H$1),2) -> 31.88 | H23: =TRUNC(E23*G23,2) -> 8794.73
A24: 3.2 | B24: 100391 | C24: Substituição de caibros em telhados - peça nova 5,0 x 6,0 cm - em maçaranduba, angelim ou equivalente - incluso remoção de todas as peças existentes e transporte vertical - medição por área de projeção | D24: m² | E24: 275.87 | F24: 19 | G24: =TRUNC(F24*(1+$H$1),2) -> 23.56 | H24: =TRUNC(E24*G24,2) -> 6499.49
A25: 3.3 | B25: CCU-3.3 | C25: Remoção de peças de madeira em terças e tesouras | D25: m | E25: 50 | F25: 16.83 | G25: =TRUNC(F25*(1+$H$1),2) -> 20.86 | H25: =TRUNC(E25*G25,2) -> 1043
A26: 3.4 | B26: 105080 | C26: Peça de madeira serrada - seção 6,0 x 12,0 cm - em maçaranduba, angelim ou equivalente | D26: m | E26: 30 | F26: 59.97 | G26: =TRUNC(F26*(1+$H$1),2) -> 74.36 | H26: =TRUNC(E26*G26,2) -> 2230.8
A27: 3.5 | B27: 105081 | C27: Peça de madeira serrada - seção 6,0 x 16,0 cm - em maçaranduba, angelim ou equivalente | D27: m | E27: 20 | F27: 69.33 | G27: =TRUNC(F27*(1+$H$1),2) -> 85.96 | H27: =TRUNC(E27*G27,2) -> 1719.2
A28: 3.6 | B28: 102234 | C28: Pintura imunizante para madeira - duas demãos | D28: m² | E28: 275.87 | F28: 25.24 | G28: =TRUNC(F28*(1+$H$1),2) -> 31.29 | H28: =TRUNC(E28*G28,2) -> 8631.97
A29: 3.7 | B29: 92571 | C29: Trama metálica para novas coberturas | D29: m² | E29: 49.1 | F29: 149.49 | G29: =TRUNC(F29*(1+$H$1),2) -> 185.36 | H29: =TRUNC(E29*G29,2) -> 9101.17
A30: 4 | C30: Arquitetura e Urbanização | E30: Total grupo = | G30: =SUM(H31:H56) -> 79407.89
A31: 4.1 | C31: Alvenarias e divisórias | E31: Total subgrupo = | G31: =SUM(H32) -> 2897.89
A32: 4.1.1 | B32: 103357 | C32: Alvenaria de vedação de blocos cerâmicos furados na horizontal - espessura 9 cm - argamassa com preparo manual | D32: m² | E32: 36.36 | F32: 64.28 | G32: =TRUNC(F32*(1+$H$1),2) -> 79.7 | H32: =TRUNC(E32*G32,2) -> 2897.89
A33: 4.2 | C33: Esquadrias | E33: Total subgrupo = | G33: =SUM(H34) -> 1333.72
A34: 4.2.1 | B34: 91341 | C34: Porta em alumínio venezianada com pintura eletrostática de fábrica - com guarnição, dobradiças, fechaduras e demais acessórios | D34: m² | E34: 1.2 | F34: 896.33 | G34: =TRUNC(F34*(1+$H$1),2) -> 1111.44 | H34: =TRUNC(E34*G34,2) -> 1333.72
A35: 4.3 | C35: Cobertura | E35: Total subgrupo = | G35: =SUM(H36:H40) -> 35308.24
A36: 4.3.1 | B36: 94192 | C36: Telhamento com telha de concreto plana de encaixe - incluso transporte vertical - medição pela área de projeção | D36: m² | E36: 324.97 | F36: 55.44 | G36: =TRUNC(F36*(1+$H$1),2) -> 68.74 | H36: =TRUNC(E36*G36,2) -> 22338.43
A37: 4.3.2 | B37: 94220 | C37: Cumeeira e espigação para telha de concreto - emboçada com argamassa - incluso transporta vertical | D37: m | E37: 93.77 | F37: 68.59 | G37: =TRUNC(F37*(1+$H$1),2) -> 85.05 | H37: =TRUNC(E37*G37,2) -> 7975.13
A38: 4.3.3 | B38: 94232 | C38: Amarração de telhas cerâmicas ou de concreto | D38: un | E38: 400 | F38: 3.09 | G38: =TRUNC(F38*(1+$H$1),2) -> 3.83 | H38: =TRUNC(E38*G38,2) -> 1532
A39: 4.3.4 | B39: CCU-4.3.4 | C39: Acabamento para espelho de madeira com rufo de alumínio - incluso transporte vertical | D39: m | E39: 15.8 | F39: 78.55 | G39: =TRUNC(F39*(1+$H$1),2) -> 97.4 | H39: =TRUNC(E39*G39,2) -> 1538.92
A40: 4.3.5 | B40: CCU-4.3.5 | C40: Tabeira simples - altura 20 cm - em maçaranduba, angelim ou equivalente | D40: m | E40: 40.62 | F40: 38.2 | G40: =TRUNC(F40*(1+$H$1),2) -> 47.36 | H40: =TRUNC(E40*G40,2) -> 1923.76
A41: 4.4 | C41: Revestimentos | E41: Total subgrupo = | G41: =SUM(H42:H50) -> 29062.69
A42: 4.4.1 | B42: 98562 | C42: Contrapiso com aditivo impermeabilizante | D42: m² | E42: 13.08 | F42: 53.84 | G42: =TRUNC(F42*(1+$H$1),2) -> 66.76 | H42: =TRUNC(E42*G42,2) -> 873.22
A43: 4.4.2 | B43: 87251 | C43: Revestimento cerâmico para piso com placas esmaltadas | D43: m² | E43: 13.08 | F43: 57.44 | G43: =TRUNC(F43*(1+$H$1),2) -> 71.22 | H43: =TRUNC(E43*G43,2) -> 931.55
A44: 4.4.3 | B44: 87904 | C44: Chapisco aplicado em alvenaria e estruturas de concreto | D44: m² | E44: 124.24 | F44: 9.29 | G44: =TRUNC(F44*(1+$H$1),2) -> 11.51 | H44: =TRUNC(E44*G44,2) -> 1430
A45: 4.4.4 | B45: 87536 | C45: Emboço aplicado em paredes, e = 17,5 mm | D45: m² | E45: 124.24 | F45: 37.93 | G45: =TRUNC(F45*(1+$H$1),2) -> 47.03 | H45: =TRUNC(E45*G45,2) -> 5843
A46: 4.4.5 | B46: 98562 | C46: Reboco com argamasssa impermeabilizante | D46: m² | E46: 124.24 | F46: 53.84 | G46: =TRUNC(F46*(1+$H$1),2) -> 66.76 | H46: =TRUNC(E46*G46,2) -> 8294.26
A47: 4.4.6 | B47: 96111 | C47: Forro em réguas de PVC - incluso estrutura metálica de sustentação | D47: m² | E47: 13.08 | F47: 73.76 | G47: =TRUNC(F47*(1+$H$1),2) -> 91.46 | H47: =TRUNC(E47*G47,2) -> 1196.29
A48: 4.4.7 | B48: 96121 | C48: Roda-forro em perfil plástico | D48: m | E48: 14.72 | F48: 14.23 | G48: =TRUNC(F48*(1+$H$1),2) -> 17.64 | H48: =TRUNC(E48*G48,2) -> 259.66
A49: 4.4.8 | B49: CCU-4.4.8 | C49: Forro em madeira cedrinho ou equivalente - incluso estrutura de fixação | D49: m² | E49: 28.2 | F49: 224.03 | G49: =TRUNC(F49*(1+$H$1),2) -> 277.79 | H49: =TRUNC(E49*G49,2) -> 7833.67
A50: 4.4.9 | B50: CCU-4.4.9 | C50: Roda-forro em madeira cedrinho ou equivalente | D50: m | E50: 40.62 | F50: 47.67 | G50: =TRUNC(F50*(1+$H$1),2) -> 59.11 | H50: =TRUNC(E50*G50,2) -> 2401.04
A51: 4.5 | C51: Pintura | E51: Total subgrupo = | G51: =SUM(H52:H56) -> 10805.35
A52: 4.5.1 | B52: 88485 | C52: Fundo selador acrílico em alvenaria e estruturas de concreto - uma demão | D52: m² | E52: 124.24 | F52: 4.02 | G52: =TRUNC(F52*(1+$H$1),2) -> 4.98 | H52: =TRUNC(E52*G52,2) -> 618.71
A53: 4.5.2 | B53: 88489 | C53: Pintura látex acrílica premium em alvenaria e estruturas de concreto - duas demãos | D53: m² | E53: 124.24 | F53: 14.16 | G53: =TRUNC(F53*(1+$H$1),2) -> 17.55 | H53: =TRUNC(E53*G53,2) -> 2180.41
A54: 4.5.3 | B54: 102233 | C54: Pintura imunizante para madeira - uma demão | D54: m² | E54: 48.51 | F54: 12.62 | G54: =TRUNC(F54*(1+$H$1),2) -> 15.64 | H54: =TRUNC(E54*G54,2) -> 758.69
A55: 4.5.4 | B55: 102229 | C55: Pintura de acabamento em madeira com tinta esmalte sintético premium acetinado - três demãos | D55: m² | E55: 159 | F55: 27.34 | G55: =TRUNC(F55*(1+$H$1),2) -> 33.9 | H55: =TRUNC(E55*G55,2) -> 5390.1
A56: 4.5.5 | B56: 100758 | C56: Pintura de acabamento em superfícies metálicas com tinta esmalte sintético acetinado - duas demãos | D56: m² | E56: 27.69 | F56: 54.1 | G56: =TRUNC(F56*(1+$H$1),2) -> 67.08 | H56: =TRUNC(E56*G56,2) -> 1857.44
A58: 5 | C58: Instalações hidrossanitárias | E58: Total grupo = | G58: =SUM(H59:H64) -> 15072.13
A59: 5.1 | B59: CCU-5.1 | C59: Calha de beiral em alumínio com pintura eletrostática de fábrica - chapa de espessura mínima 0,8 mm - desenvolvimento 50 cm - incluso transporte vertical, suportes e demais acessórios | D59: m | E59: 24.16 | F59: 152.03 | G59: =TRUNC(F59*(1+$H$1),2) -> 188.51 | H59: =TRUNC(E59*G59,2) -> 4554.4
A60: 5.2 | B60: CCU-5.2 | C60: Calha de encontro com alvenaria - com rufo embutido dentro da alvenaria - em alumínio com pintura eletrostática de fábrica - chapa de espessura mínima 1,0 mm - desenvolvimento 100 cm - incluso transporte vertical, suportes, rasgos em alvenaria, arremates e demais acessórios | D60: m | E60: 10.36 | F60: 317.43 | G60: =TRUNC(F60*(1+$H$1),2) -> 393.61 | H60: =TRUNC(E60*G60,2) -> 4077.79
A61: 5.3 | B61: CCU-5.3 | C61: Chapim - em alumínio com pintura eletrostática de fábrica - chapa de espessura mínima 0,80 mm - incluso transporte vertical, suportes, arremates e demais acessórios | D61: m | E61: 3 | F61: 84.99 | G61: =TRUNC(F61*(1+$H$1),2) -> 105.38 | H61: =TRUNC(E61*G61,2) -> 316.14
A62: 5.4 | B62: CCU-5.4 | C62: Rufo embutido dentro da alvenaria - em alumínio com pintura eletrostática de fábrica - incluso transporte vertical, suportes, rasgos em alvenaria, arremates e demais acessórios | D62: m | E62: 11.5 | F62: 102.96 | G62: =TRUNC(F62*(1+$H$1),2) -> 127.67 | H62: =TRUNC(E62*G62,2) -> 1468.2
A63: 5.5 | B63: CCU-5.5 | C63: Tubo de PVC série reforçada - DN = 100 mm - incluso conexões, suportes e demais atividades auxiliares necessárias | D63: m | E63: 30 | F63: 116.59 | G63: =TRUNC(F63*(1+$H$1),2) -> 144.57 | H63: =TRUNC(E63*G63,2) -> 4337.1
A64: 5.6 | B64: 104803 | C64: Remoção de calhas e rufos | D64: m | E64: 50 | F64: 5.14 | G64: =TRUNC(F64*(1+$H$1),2) -> 6.37 | H64: =TRUNC(E64*G64,2) -> 318.5
A65: 6 | C65: Acesso | E65: Total grupo = | G65: =SUM(H66:H75) -> 11883.6
A66: 6.1 | B66: 98524 | C66: Limpeza manual de terreno | D66: m² | E66: 15 | F66: 5.29 | G66: =TRUNC(F66*(1+$H$1),2) -> 6.55 | H66: =TRUNC(E66*G66,2) -> 98.25
A67: 6.2 | B67: 97645 | C67: Remoção de janelas | D67: m² | E67: 1.82 | F67: 28.08 | G67: =TRUNC(F67*(1+$H$1),2) -> 34.81 | H67: =TRUNC(E67*G67,2) -> 63.35
A68: 6.3 | B68: 97625 | C68: Demolição de alvenaria | D68: m³ | E68: 0.19 | F68: 58.79 | G68: =TRUNC(F68*(1+$H$1),2) -> 72.89 | H68: =TRUNC(E68*G68,2) -> 13.84
A69: 6.4 | B69: CCU-6.4 | C69: Arestamento ou requadro de vãos demolidos | D69: m | E69: 5.6 | F69: 20.08 | G69: =TRUNC(F69*(1+$H$1),2) -> 24.89 | H69: =TRUNC(E69*G69,2) -> 139.38
A70: 6.5 | B70: 89478 | C70: Alvenaria em pedra de areia grossa - mureta | D70: m² | E70: 1.5 | F70: 158.79 | G70: =TRUNC(F70*(1+$H$1),2) -> 196.89 | H70: =TRUNC(E70*G70,2) -> 295.33
A71: 6.6 | B71: 103914 | C71: Piso de concreto armado - espessura 14 cm - fck = 20 MPa - incluso armadura, lona plástica, lastro de material granular de 10 cm compactado, fôrmas concretagem, acabamento liso e demais atividades e acessórios | D71: m² | E71: 15 | F71: 150.5 | G71: =TRUNC(F71*(1+$H$1),2) -> 186.62 | H71: =TRUNC(E71*G71,2) -> 2799.3
A72: 6.7 | B72: 91341 | C72: Porta de alumínio em lambri com pintura eletrostática em cor no padrão das demais janelas existentes - com guarnição, fechadura e demais acessórios | D72: m² | E72: 2.94 | F72: 896.33 | G72: =TRUNC(F72*(1+$H$1),2) -> 1111.44 | H72: =TRUNC(E72*G72,2) -> 3267.63
A73: 6.8 | B73: 100710 | C73: Dobradiça tipo vai e vem - 3" | D73: un | E73: 6 | F73: 164.86 | G73: =TRUNC(F73*(1+$H$1),2) -> 204.42 | H73: =TRUNC(E73*G73,2) -> 1226.52
A74: 6.9 | B74: CCU-6.9 | C74: Bate-maca em chapa de aço inox para portas - em duas alturas - ambos os lados e folhas | D74: un | E74: 1 | F74: 2780.63 | G74: =TRUNC(F74*(1+$H$1),2) -> 3447.98 | H74: =TRUNC(E74*G74,2) -> 3447.98
A75: 6.10 | B75: 100708 | C75: Fecho para trava de porta | D75: un | E75: 2 | F75: 214.53 | G75: =TRUNC(F75*(1+$H$1),2) -> 266.01 | H75: =TRUNC(E75*G75,2) -> 532.02
A76: 7 | C76: Serviços complementares | E76: Total grupo = | G76: =SUM(H77:H83) -> 7445.78
A77: 7.1 | B77: CCU-7.1 | C77: Locação de andaime - para todo período da obra | D77: un | E77: 1 | F77: 540 | G77: =TRUNC(F77*(1+$H$1),2) -> 669.6 | H77: =TRUNC(E77*G77,2) -> 669.6
A78: 7.2 | B78: 97064 | C78: Montagem e desmontagem de andaime tubular | D78: m | E78: 6 | F78: 31.12 | G78: =TRUNC(F78*(1+$H$1),2) -> 38.58 | H78: =TRUNC(E78*G78,2) -> 231.48
A79: 7.3 | B79: CCU-7.3 | C79: Linha de vida permanente em cabo de aço galvanizado - para trabalhos em coberturas e telhados | D79: m | E79: 60 | F79: 36.08 | G79: =TRUNC(F79*(1+$H$1),2) -> 44.73 | H79: =TRUNC(E79*G79,2) -> 2683.8
A80: 7.4 | B80: 99803 | C80: Limpeza final da obra | D80: m² | E80: 381.1 | F80: 4.37 | G80: =TRUNC(F80*(1+$H$1),2) -> 5.41 | H80: =TRUNC(E80*G80,2) -> 2061.75
A81: 7.5 | B81: CCU-7.5 | C81: Carga e remoção de resíduos de construção civil | D81: m³ | E81: 15 | F81: 62.51 | G81: =TRUNC(F81*(1+$H$1),2) -> 77.51 | H81: =TRUNC(E81*G81,2) -> 1162.65
A82: 7.6 | B82: CCU-7.6 | C82: Remoção e reinstalação de letreiro | D82: un | E82: 1 | F82: 164.13 | G82: =TRUNC(F82*(1+$H$1),2) -> 203.52 | H82: =TRUNC(E82*G82,2) -> 203.52
A83: 7.7 | B83: CCU-7.7 | C83: Desmobilização | D83: un | E83: 1 | F83: 349.18 | G83: =TRUNC(F83*(1+$H$1),2) -> 432.98 | H83: =TRUNC(E83*G83,2) -> 432.98
A84: 8 | C84: Administração local | E84: Total grupo = | G84: =SUM(H85) -> 10094.59
A85: 8.1 | B85: CCU-8.1 | C85: Composição mínima para administração local | D85: un | E85: 1 | F85: 8140.8 | G85: =TRUNC(F85*(1+$H$1),2) -> 10094.59 | H85: =TRUNC(E85*G85,2) -> 10094.59
A86: Obs. 1: | B86: Empreitada a preço unitário - medições conforme quantidades executadas
H88: Gramado, xx de xxxxxxxxx de 2026
H94: ____________________________________
H95: Responsável técnico
H96: Registro profissional

Sheet CFF
B1: CRONOGRAMA FÍSICO E FINANCEIRO
B2: =ORC!C3 -> Reforma da Cobertura da Unidade Básica de Saúde do Bairro Pórtico
A3: Item | B3: Descrição | C3: Total Por Etapa | D3: Parcela 1 | E3: Parcela 2 | F3: Parcela 3 | G3: Parcela 4 | H3: Parcela 5
A4: 1 | B4: =VLOOKUP(A4,ORC!A:H,3,FALSE) -> Serviços técnicos
A5: 1 | B5: =VLOOKUP(A5,ORC!A:H,3,FALSE) -> Serviços técnicos | C5: =VLOOKUP(A5,ORC!A:H,7,FALSE) -> 5053.8 | D5: =$C5*D6 -> 5053.8 | E5: =$C5*E6 -> 0 | F5: =$C5*F6 -> 0 | G5: =$C5*G6 -> 0 | H5: =$C5*H6 -> 0
C6: =C5/ORC!$H$6 -> 0.028115324 | D6: 1 | E6: 0 | F6: 0 | G6: 0 | H6: 0
A7: 2 | B7: =VLOOKUP(A7,ORC!A:H,3,FALSE) -> Serviços preliminares | C7: =VLOOKUP(A7,ORC!A:H,7,FALSE) -> 12774.36 | D7: =$C7*D8 -> 12774.36 | E7: =$C7*E8 -> 0 | F7: =$C7*F8 -> 0 | G7: =$C7*G8 -> 0 | H7: =$C7*H8 -> 0
C8: =C7/ORC!$H$6 -> 0.071066379 | D8: 1 | E8: 0 | F8: 0 | G8: 0 | H8: 0
A9: 3 | B9: =VLOOKUP(A9,ORC!A:H,3,FALSE) -> Estruturas e fundações | C9: =VLOOKUP(A9,ORC!A:H,7,FALSE) -> 38020.36 | D9: =$C9*D10 -> 0 | E9: =$C9*E10 -> 26614.252 | F9: =$C9*F10 -> 11406.108 | G9: =$C9*G10 -> 0 | H9: =$C9*H10 -> 0
C10: =C9/ORC!$H$6 -> 0.21151504 | D10: 0 | E10: 0.7 | F10: 0.3 | G10: 0 | H10: 0
A11: 4 | B11: =VLOOKUP(A11,ORC!A:H,3,FALSE) -> Arquitetura e Urbanização | C11: =VLOOKUP(A11,ORC!A:H,7,FALSE) -> 79407.89 | D11: =$C11*D12 -> 0 | E11: =$C11*E12 -> 15881.578 | F11: =$C11*F12 -> 39703.945 | G11: =$C11*G12 -> 23822.367 | H11: =$C11*H12 -> 0
C12: =C11/ORC!$H$6 -> 0.44176234 | D12: 0 | E12: 0.2 | F12: 0.5 | G12: 0.3 | H12: 0
A13: 5 | B13: =VLOOKUP(A13,ORC!A:H,3,FALSE) -> Instalações hidrossanitárias | C13: =VLOOKUP(A13,ORC!A:H,7,FALSE) -> 15072.13 | D13: =$C13*D14 -> 0 | E13: =$C13*E14 -> 0 | F13: =$C13*F14 -> 0 | G13: =$C13*G14 -> 7536.065 | H13: =$C13*H14 -> 7536.065
C14: =C13/ORC!$H$6 -> 0.083849344 | D14: 0 | E14: 0 | F14: 0 | G14: 0.5 | H14: 0.5
A15: 6 | B15: =VLOOKUP(A15,ORC!A:H,3,FALSE) -> Acesso | C15: =VLOOKUP(A15,ORC!A:H,7,FALSE) -> 11883.6 | D15: =$C15*D16 -> 0 | E15: =$C15*E16 -> 0 | F15: =$C15*F16 -> 0 | G15: =$C15*G16 -> 0 | H15: =$C15*H16 -> 11883.6
C16: =C15/ORC!$H$6 -> 0.066110899 | D16: 0 | E16: 0 | F16: 0 | G16: 0 | H16: 1
A17: 7 | B17: =VLOOKUP(A17,ORC!A:H,3,FALSE) -> Serviços complementares | C17: =VLOOKUP(A17,ORC!A:H,7,FALSE) -> 7445.78 | D17: =$C17*D18 -> 0 | E17: =$C17*E18 -> 0 | F17: =$C17*F18 -> 0 | G17: =$C17*G18 -> 0 | H17: =$C17*H18 -> 7445.78
C18: =C17/ORC!$H$6 -> 0.041422398 | D18: 0 | E18: 0 | F18: 0 | G18: 0 | H18: 1
A19: Sub-total | D19: =D5+D7+D9+D11+D13+D15+D17 -> 17828.16 | E19: =E5+E7+E9+E11+E13+E15+E17 -> 42495.83 | F19: =F5+F7+F9+F11+F13+F15+F17 -> 51110.053 | G19: =G5+G7+G9+G11+G13+G15+G17 -> 31358.432 | H19: =H5+H7+H9+H11+H13+H15+H17 -> 26865.445
D20: =D19/(ORC!$H$6-$C$21) -> 0.10508298 | E20: =E19/(ORC!$H$6-$C$21) -> 0.25047949 | F20: =F19/(ORC!$H$6-$C$21) -> 0.30125356 | G20: =G19/(ORC!$H$6-$C$21) -> 0.18483329 | H20: =H19/(ORC!$H$6-$C$21) -> 0.15835067
A21: 8 | B21: =VLOOKUP(A21,ORC!A:H,3,FALSE) -> Administração local | C21: =VLOOKUP(A21,ORC!A:H,7,FALSE) -> 10094.59 | D21: =$C21*D22 -> 1060.7696 | E21: =$C21*E22 -> 2528.4878 | F21: =$C21*F22 -> 3041.0312 | G21: =$C21*G22 -> 1865.8163 | H21: =$C21*H22 -> 1598.4851
C22: =C21/ORC!$H$6 -> 0.05615827 | D22: =D20 -> 0.10508298 | E22: =E20 -> 0.25047949 | F22: =F20 -> 0.30125356 | G22: =G20 -> 0.18483329 | H22: =H20 -> 0.15835067
C23: Porcentagem | D23: =D22 -> 0.10508298 | E23: =E22 -> 0.25047949 | F23: =F22 -> 0.30125356 | G23: =G22 -> 0.18483329 | H23: =H22 -> 0.15835067
C24: Custo | D24: =D19+D21 -> 18888.93 | E24: =E19+E21 -> 45024.318 | F24: =F19+F21 -> 54151.084 | G24: =G19+G21 -> 33224.248 | H24: =H19+H21 -> 28463.93
C25: Porcentagem Acumulado | D25: =D23 -> 0.10508298 | E25: =D25+E23 -> 0.35556248 | F25: =E25+F23 -> 0.65681604 | G25: =F25+G23 -> 0.84164933 | H25: =G25+H23 -> 1
C26: Custo Acumulado | D26: =D24 -> 18888.93 | E26: =D26+E24 -> 63913.247 | F26: =E26+F24 -> 118064.33 | G26: =F26+G24 -> 151288.58 | H26: =G26+H24 -> 179752.51
H31: ____________________________________
H32: Responsável técnico
H33: Registro profissional

Sheet BDI
A1: Valor de Referência - Benefícios e Despesas Indiretas (BDI)
A2: Despesas Indiretas | C2: Valor
A3: Administração Central | B3: Variável - f (CD) | C3: 0.04
A4: Despesas Financeiras | B4: 1.23 | C4: 0.0123
A5: Seguros e Garantias | B5: 0.8 | C5: 0.008
A6: Riscos | B6: 1.27 | C6: 0.0127
B7: Subtotal 1 | C7: =SUM(C3:C6) -> 0.073
A8: Benefícios | C8: Valor
A9: Lucro | B9: Variável - f (CD) | C9: 0.0781
B10: Subtotal 2 | C10: =SUM(C9) -> 0.0781
A11: Tributos | C11: Valor
A12: PIS | B12: 0.65 | C12: 0.0065
A13: COFINS | B13: 3 | C13: 0.03
A14: ISS* | B14: 3 | C14: 0.03
A15: CPRB (regime desonerado) | B15: 4.5 | C15: 0
B16: Subtotal 3 | C16: =SUM(C12:C15) -> 0.0665
A17: Total = | C17: =TRUNC(((1+C3+C5+C6)*(1+C4)*(1+C9)/(1-C16))-1,4) -> 0.24
A18: Observações:
A19: 1) A taxa de referência de BDI foi estabelecida conforme referência do Acórdão 2622/2013 - TCU - Plenário
A20: 2) O licitante deverá elaborar sua planilha de BDI, com detalhamento das alíquotas de tributos que está obrigada a recolher, conforme seu regime tributário, incidentes sobre o preço do serviço, excluídos aqueles de natureza direta e personalística que oneram o contratado, conforme acórdão 2622/2013/TCU - Plenário e Decreto 7983/2013.
C25: ____________________________________
C26: Responsável técnico
C27: Registro profissional

Sheet ENC
B1: Encargos Sociais - SINAPI - Rio Grande do Sul
B2: Regime sem desoneração
A3: Código | B3: Descrição | C3: Horista (%) | D3: Mensalista (%)
B4: Grupo A
A5: A1 | B5: INSS | C5: 0.2 | D5: 0.2
A6: A2 | B6: SESI | C6: 0.015 | D6: 0.015
A7: A3 | B7: SENAI | C7: 0.01 | D7: 0.01
A8: A4 | B8: INCRA | C8: 0.002 | D8: 0.002
A9: A5 | B9: SEBRAE | C9: 0.006 | D9: 0.006
A10: A6 | B10: Salário educação | C10: 0.025 | D10: 0.025
A11: A7 | B11: Segunro contra acidentes de trabalho | C11: 0.03 | D11: 0.03
A12: A8 | B12: FGTS | C12: 0.08 | D12: 0.08
A13: A9 | B13: Seconci | C13: 0 | D13: 0
A14: A | B14: Total | C14: =SUM(C5:C13) -> 0.368 | D14: =SUM(D5:D13) -> 0.368
B15: Grupo B
A16: B1 | B16: Repouso semanal remunerado | C16: 0.1778 | D16: 0
A17: B2 | B17: Feriados | C17: 0.0421 | D17: 0
A18: B3 | B18: Auxílio-enfermidade | C18: 0.0088 | D18: 0.0067
A19: B4 | B19: 13° salário | C19: 0.1092 | D19: 0.0829
A20: B5 | B20: Licença paternidade | C20: 0.0007 | D20: 0.0005
A21: B6 | B21: Faltas justificadas | C21: 0.0073 | D21: 0.0056
A22: B7 | B22: Dias de chuva | C22: 0.0165 | D22: 0
A23: B8 | B23: Auxílio acidente de trabalho | C23: 0.0003 | D23: 0.0002
A24: B9 | B24: Férias gozadas | C24: 0.1104 | D24: 0.0838
A25: B10 | B25: Salário maternidade | C25: 0.0004 | D25: 0.0003
A26: B | B26: Total | C26: =SUM(C16:C25) -> 0.4735 | D26: =SUM(D16:D25) -> 0.18
B27: Grupo C
A28: C1 | B28: Aviso prévio indenizado | C28: 0.0418 | D28: 0.0317
A29: C2 | B29: Aviso prévio trabalhado | C29: 0.0011 | D29: 0.0008
A30: C3 | B30: Férias indenizadas | C30: 0.0359 | D30: 0.0273
A31: C4 | B31: Depósito rescisão sem justa causa | C31: 0.0178 | D31: 0.0135
A32: C5 | B32: Indenização adicional | C32: 0.0035 | D32: 0.0026
A33: C | B33: Total | C33: =SUM(C28:C32) -> 0.1001 | D33: =SUM(D28:D32) -> 0.0759
B34: Grupo D
A35: D1 | B35: Reincidência de Grupo A sobre Grupo B (sem considerar INSS sobre 13º, conforme Lei nº 14.973/2024) | C35: 0.1742 | D35: 0.0662
A36: D2 | B36: Reincidência de Grupo A sobre aviso prévio trabalhado e reincidência do FGTS sobre aviso prévio indenizado | C36: 0.0037 | D36: 0.0028
A37: D | B37: Total | C37: =SUM(C35:C36) -> 0.1779 | D37: =SUM(D35:D36) -> 0.069
B39: TOTAL GERAL | C39: =C14+C26+C33+C37 -> 1.1195 | D39: =D14+D26+D33+D37 -> 0.6929
D43: ____________________________________
D44: Responsável técnico
D45: Registro profissional
